 Seeded DCSS version 0.31-a0-66-ge618eeaa78 (webtiles) character file.

Game seed: 12735965570273765983 (custom seed)

2 Pimp the Conjurer (level 1, -1/10 HPs)
             Began as a Deep Elf Conjurer on May 22, 2023.
             Slain by a jackal (3 damage)
             ... on level 1 of the Dungeon.
             The game lasted 00:00:42 (378 turns).

Pimp the Conjurer (Deep Elf Conjurer)                Turns: 378, Time: 00:00:43

Health: -1/10      AC:  2    Str:  4    XL:     1   Next: 33%
Magic:  1/6        EV: 12    Int: 26    God:
Gold:   11         SH:  0    Dex: 13    Spells: 5/6 levels left

rFire   . . .        (no weapon)
rCold   x . .        (no shield)
rNeg    . . .        a - +0 robe
rPois   .            (no helmet)
rElec   .            (no cloak)
rCorr   .            (no gloves)
SInv    .            (no boots)
Will    .....        f - amulet of Mistrust {rC- Regen+ Int+4}
Stlth   ++           (no ring)
HPRegen 0.21/turn    (no ring)
MPRegen 0.10/turn

%: no passive effects
@: no status effects
A: no striking features
a: no special abilities


You were on level 1 of the Dungeon.
You visited 1 branch of the dungeon, and saw 1 of its levels.

You collected 11 gold pieces.

Inventory:

Armour
 a - a +0 robe (worn)
 c - a +2 helmet of intelligence
Jewellery
 f - the amulet of Mistrust (around neck) {rC- Regen+ Int+4}
   (You acquired it on level 1 of the Dungeon)

   [amulet of regeneration]

   Int:       It affects your intelligence (+4).
   rC:        It makes you vulnerable to cold.
   Regen:     It increases your rate of health regeneration.
Scrolls
 d - a scroll of identify {unknown}
Potions
 b - a potion of magic
 e - a potion of degeneration {unknown}


   Skills:
 + Level 2.5 Dodging
 + Level 2.5 Stealth
 + Level 3.0 Spellcasting
 + Level 4.4 Conjurations


You had 5 spell levels left.
You knew the following spells:

 Your Spells              Type           Power      Damage    Failure   Level
a - Magic Dart            Conj           100%       1d8       1%          1

Your spell library contained the following spells:

 Spells                   Type           Power      Damage    Failure   Level
 Searing Ray              Conj           54%        2d6       2%          2
 Dazzling Flash           Conj/Hex       26%        N/A       13%         3
 Fulminant Prism          Conj/Hex       6%         3d7       41%         4
 Iskenderun's Mystic Bla  Conj/Tloc      13%        2d5       41%         4


Dungeon Overview and Level Annotations

Branches:
Dungeon (1/15)

Altars:


Message History

Okay, then.
You start putting on your amulet.
You continue putting on the amulet of Mistrust {rC- Regen+ Int+4}.
The jackal closely misses you. The jackal bites you.
Keep equipping yourself?
You continue putting on the amulet of Mistrust {rC- Regen+ Int+4}.
The jackal bites you.
You continue putting on the amulet of Mistrust {rC- Regen+ Int+4}.
The jackal bites you but does no damage.
You continue putting on the amulet of Mistrust {rC- Regen+ Int+4}.
The jackal bites you. The jackal barely misses you.
You continue putting on the amulet of Mistrust {rC- Regen+ Int+4}.
The jackal barely misses you.
You finish putting on the amulet of Mistrust {rC- Regen+ Int+4}.
The amulet of Mistrust cannot attune itself to your injured body.
You feel clever.
f - the amulet of Mistrust (around neck) {rC- Regen+ Int+4} Unknown command.
You hit the jackal but do no damage.
The jackal is lightly wounded.
The jackal bites you but does no damage.
The jackal barely misses you.
You hit the jackal.
The jackal is lightly wounded.
The jackal bites you.
* * * LOW HITPOINT WARNING * * *
You hit the jackal but do no damage.
The jackal is lightly wounded.
The jackal misses you.
You are too injured to fight recklessly!
You are too injured to fight recklessly!
You are too injured to fight recklessly!
You are too injured to fight recklessly!
Aiming: Magic Dart (safe; 1% risk of failure)
Press: ? - help, Q - select action Shift-Dir - straight line, f - jackal
Aim: a jackal (lightly wounded, 100% to hit)
The magic dart hits the jackal.
The jackal is heavily wounded.
The jackal misses you. The jackal bites you.
You die...

# ## . .. ##.#.
#..#. ... #.######
#.@hhh.# # ######.#
.# #.# ..#
#†#######...##
#h##..........
####....h........
#...........h....
##.#......####...##
#.###..#..# ...#


You could see 3 jackals.

Vanquished Creatures
  2 jackals (D:1)
2 creatures vanquished.

Notes
Turn   | Place    | Note
-------+----------+-------------------------------------------
     0 | D:1      | Pimp the Deep Elf Conjurer began the quest for the Orb.
     0 | D:1      | Reached XP level 1. HP: 10/10 MP: 6/6
   346 | D:1      | Identified 2 scrolls of acquirement
   346 | D:1      | Acquired a +2 helmet of intelligence
   347 | D:1      | Acquired the amulet of Mistrust {rC- Regen+ Int+4}
   378 | D:1      | Slain by a jackal

Illustrated notes

Levels and vault maps discovered:
D:1:      dpeg_arrival_long_road, layout_loops_cross, hex_tiny

Action                     || total
---------------------------++-------
  Melee: Unarmed           ||     5
   Cast: Magic Dart        ||     7
    Use: Scroll            ||     2
 Armour: Robe              ||     7
  Dodge: Dodged            ||    10

Table legend: (Time is in decaauts)
 A = Elapsed time spent in this place.
 B = Non-inter-level travel time spent in this place.
 C = Inter-level travel time spent in this place.
 D = Time resting spent in this place.
 E = Time spent auto-exploring this place.
 F = Levels seen in this place.
 G = Mean time per level.
                   A        B        C        D        E       F      G
               +--------+--------+--------+--------+--------+-----+--------+
         Total |    378 |    378 |      0 |    300 |     26 |   1 |  378.0 |
       Dungeon |    378 |    378 |      0 |    300 |     26 |   1 |  378.0 |
               +--------+--------+--------+--------+--------+-----+--------+

Top non-repeatable levels by time:
     D:1: 378 daAuts
